 Dungeon Crawl Stone Soup version 0.29.0-13-gc9e81de378 (webtiles) character file.

Game seed: 10340121852225024817

1 freelancePsychic the Shooter (level 1, 0/17 HPs)
             Began as a Meteoran Hunter on Sept 10, 2022.
             Slain by an orc
             ... wielding a +0 falchion
              (6 damage)
             ... on level 3 of the Dungeon.
             The game lasted 00:00:21 (55 turns).

freelancePsychic the Shooter (Meteoran Hunter)        Turns: 55, Time: 00:00:22

Health: 0/17       AC:  3    Str: 12    XL:     1   Next: 28%
Magic:  2/2        EV: 12    Int: 10    God:
Gold:   15         SH:  0    Dex: 17    Spells: 0/0 levels left

rFire   . . .      SeeInvis .   a - +0 shortbow
rCold   . . .      Faith    .   (shield currently unavailable)
rNeg    . . .      Spirit   .   c - +0 leather armour
rPois   .          Reflect  .   (no helmet)
rElec   .          Harm     .   (no cloak)
rCorr   .          Rampage  .   (no gloves)
Will    .....                   (no boots)
Stlth   +.........              (no amulet)
HPRegen 0.05/turn               (no ring)
MPRegen 0.08/turn               (no ring)

@: glowing
A: sense surroundings 1, otherworldly, glowing, explore regen
a: no special abilities


You were on level 3 of the Dungeon.
You visited 1 branch of the dungeon, and saw 3 of its levels.

You collected 15 gold pieces.

Inventory:

Hand Weapons
 a - a +0 shortbow (weapon)
Armour
 c - a +0 leather armour (worn)
Scrolls
 b - a scroll of immolation
 d - a scroll of identify {unknown}


   Skills:
 + Level 2.2 Fighting
 * Level 4.4 Ranged Weapons
 - Level 2.4 Dodging
 - Level 0.6 Stealth


You couldn't memorise any spells.
You didn't know any spells.
Your spell library was empty.

Dungeon Overview and Level Annotations

Branches:
Dungeon (3/15) Zot: 1739

Altars:


Innate Abilities, Weirdness & Mutations

You passively map a small area around you.
You are easily found by Zot.
You glow in the dark.
You regain HP and MP as you explore.


Message History

The arrow hits the adder but does no damage.
You shoot an arrow.
The arrow hits the adder but does no damage.
The adder bites you.
You shoot an arrow. The arrow hits the adder.
The adder is heavily wounded.
The adder bites you but does no damage.
You shoot an arrow. The arrow barely misses the adder.
You hear a shout!
The adder bites you but does no damage. The adder barely misses you.
You hear an angry hiss.
You hear a shout!
You shoot an arrow.
The arrow hits the adder but does no damage.
The adder is heavily wounded.
You hear a shout!
The adder bites you. The adder misses you.
You hear a shout!
You shoot an arrow.
The arrow hits the adder but does no damage.
The adder is heavily wounded.
The adder completely misses you.
An orc comes into view. It is wielding a +0 falchion.
You shoot an arrow. The arrow closely misses the adder.
The adder bites you. The orc closely misses you. The adder closely misses you.
The orc hits you with a +0 falchion.
You shoot an arrow. The arrow closely misses the adder.
The adder closely misses you. The adder completely misses you.
The orc closely misses you.
You shoot an arrow. The arrow barely misses the adder.
The adder bites you. The orc closely misses you. The adder bites you.
Fire: a) +0 shortbow
Press: ? - help, Shift-Dir - straight line, f/p - adder
Aim: an adder (heavily wounded, 46% to hit)
You shoot an arrow. The arrow hits the orc.
The orc is lightly wounded.
The orc hits you with a +0 falchion.
An orc comes into view. It is wielding a +0 flail.
An orc comes into view. It is wielding a +0 dagger.
The orc hits you with a +0 falchion.
You die...

, , , , ,, #### *
, ...#, , ,*...#
. , , ...# .. * ,
, , ...#... * , ,
,, , ....... , *
.#..#####...###.
, *
,.......@oS......
,
...o#####...##..
. ,, ,,....... ,
, , , , .......**
, , , ....... , ,
, , ,....... * ,
* ####... , , ...
,


You could see an adder and 2 orcs.

Vanquished Creatures
  A ball python (D:2)
1 creature vanquished.

Notes
Turn   | Place    | Note
-------+----------+-------------------------------------------
     0 | D:1      | freelancePsychic the Meteoran Hunter began the quest for
                  | the Orb.
     0 | D:1      | Reached XP level 1. HP: 17/17 MP: 2/2
    55 | D:3      | Slain by an orc

Illustrated notes

Levels and vault maps discovered:
D:1:      eino_arrival_water_star, layout_basic, nicolae_ecumenical_lake_church
D:2:      layout_basic
D:3:      layout_basic, chequers_temple_overflow_statue_of_worship,
          gammafunk_ghost_cemetery, grunt_ministairs_12

Action                   || total
-------------------------++-------
 Fire: Shortbow          ||    13
Armor: Leather armour    ||     2
Dodge: Dodged            ||     9
